 Dungeon Crawl Stone Soup version 0.19-a0-1111-gcceb26a (webtiles) character file.

14534 4thArraOfDagon the Brawler (level 11, -22/89 HPs)
             Began as a Troll Arcane Marksman on Aug 10, 2016.
             Was an Elder of the Shining One.
             Shot with an arrow by a centaur warrior (24 damage)
             ... on level 14 of the Dungeon.
             The game lasted 00:25:59 (4718 turns).

4thArraOfDagon the Brawler (Troll Arcane Marksman)  Turns: 4718, Time: 00:26:00

Health: -22/89     AC:  6    Str: 19    XL:     11   Next: 90%
Magic:  11/11      EV:  8    Int: 12    God:    the Shining One [****..]
Gold:   507        SH: 19    Dex:  9    Spells: 0 memorised, 12 levels left

rFire  . . .     SeeInvis .       - Unarmed
rCold  . . .     Gourm    +     l - +0 robe
rNeg   + + .     Faith    .     i - +1 large shield
rPois  +         Spirit   .     (helmet restricted)
rElec  .         Dismiss  .     (no cloak)
rCorr  .         Reflect  +     (gloves unavailable)
SustAt .         Harm     .     (boots unavailable)
MR     .....                    D - +2 amulet of reflection
Stlth  +.........               y - ring of flight
                                m - ring of stealth

@: glowing
A: unfitting armour, claws 3, yellow scales 1, deformed body, fast metabolism 3,
gourmand, poison resistance, regeneration 2, screaming 1, shaggy fur 1, tough
skin 2, weak 1
a: Divine Shield, Cleansing Flame, Renounce Religion, Evoke Flight


You were on level 14 of the Dungeon.
You worshipped the Shining One.
The Shining One was greatly pleased with you.
You were very full.

You visited 1 branch of the dungeon, and saw 14 of its levels.
You also visited: Labyrinth and Ossuary.

You collected 507 gold pieces.

Inventory:

Missiles
 c - 12 large rocks (quivered)
 d - 2 throwing nets
Armour
 a - a +0 robe
 i - a +1 large shield (worn)
 l - a +0 robe (worn)
Rods
 n - a +4 iron rod (14/14)
   (You found it in a labyrinth)
Jewellery
 m - a ring of stealth (left claw)
 u - an uncursed ring of magical power
 y - a ring of flight (right claw)
 D - a +2 amulet of reflection (around neck)
Wands
 q - a wand of random effects (21/48)
 s - a wand of confusion (4/48)
 z - a wand of disintegration (1/24)
 A - a wand of acid (0/15)
 G - a wand of polymorph (4/24)
 H - a wand of polymorph (14/24)
 K - a wand of acid (10/15)
Scrolls
 h - 4 scrolls of remove curse
 p - a scroll of magic mapping
 v - 3 scrolls of identify
 w - 2 scrolls of teleportation
 x - a scroll of fear {unknown}
 C - a scroll of summoning {unknown}
 E - a scroll of noise {unknown}
 I - 2 scrolls of blinking {unknown}
Potions
 e - 3 potions of heal wounds
 g - a potion of flight
 j - a potion of might
 k - a potion of lignification
 r - a potion of cure mutation {unknown}
 t - 3 potions of curing
 B - a potion of mutation {unknown}
 F - 2 potions of resistance
Books
 b - a book of Debilitation

   Spells                             Type                      Level
   a - Corona                         Hexes                        1
   b - Slow                           Hexes                        2
   c - Gell's Gravitas                Hexes/Translocation          3
   d - Inner Flame                    Hexes/Fire                   3
   e - Cause Fear                     Hexes                        4
   f - Leda's Liquefaction            Hexes/Earth                  4
Miscellaneous
 J - a fan of gales
Comestibles
 f - 6 bread rations
 o - 3 meat rations


   Skills:
 - Level 0.7 Fighting
 - Level 1.7 Throwing
 - Level 1.5 Dodging
 + Level 9.3 Shields
 * Level 15.1 Unarmed Combat
 - Level 1.0 Spellcasting
   Level 2.0 Hexes


You had 12 spell levels left.
You didn't know any spells.

Dungeon Overview and Level Annotations

Branches:
Dungeon (14/15)            Temple (0/1) D:7            Lair (0/6) D:10
    Orc (0/2) D:12
 Vaults: D:13-14

Altars:
Fedhas
Gozag
Qazlal
Trog
Zin
The Shining One

Portals:
Trove: D:12 (give wand of hasting (9))

Annotations:
D:4 Menkaure
D:7 Geppetto's ghost, novice GrMo
D:13 exclusion: obsidian statue, Frances


Innate Abilities, Weirdness & Mutations

You are too large for most types of armour.
You have claws for hands.
Your metabolism is lightning-fast.
You like to eat raw meat.
You heal very quickly.
You are covered in fur. (AC +1)
You have very tough skin. (AC +2)
You are partially covered in yellow scales. (AC +2)
Armour fits poorly on your strangely shaped body.
Your system is resistant to poisons. (rPois)
You occasionally shout uncontrollably at your foes.
You are weak. (Str -2)


Message History

The shard of ice hits you!
Unknown command.
Frances screams a word of power!
The shard of ice reflects off an invisible shield around you!
The shard of ice hits Frances.
There is a stone staircase leading down here.
Unknown command.
Unknown command.
Frances mutters in a terrible tongue.
Frances seems to speed up.
You climb downwards.
The centaur warrior shoots an arrow.
You reflect the arrow off an invisible shield around you!
The arrow hits the centaur warrior!
The worker ant completely misses you. You block the worker ant's attack.
The freezing wraith hits you. The freezing wraith freezes you!
You block the freezing wraith's attack.
The two-headed ogre hits you with a giant club!!
* * * LOW HITPOINT WARNING * * *
You block the two-headed ogre's attack.
The centaur warrior shoots an arrow.
The arrow hits you!!
You die...

./............[
...............
.............c.
...............
...........>...
...............
............H..
.?....O@a......
......Wa.......
...............
...............
###############
≈≈≈≈≈≈≈≈≈≈≈≈≈≈≈
≈≈≈≈≈≈≈≈≈≈≈≈≈≈≈
≈≈≈≈≈≈≈≈≈≈≈≈≈≈≈


You could see a centaur warrior, a manticore, a freezing wraith, a two-headed
ogre and 2 worker ants.

Vanquished Creatures
  Erica (D:9)
  An unseen horror (D:13)
  A hill giant (D:10)
  A deep elf mage (D:12)
  2 ugly things
  2 komodo dragons (D:13)
  4 trolls
  Prince Ribbit (D:7)
  4 slime creatures (D:12)
  2 redbacks (Lab)
  24 yaks
  3 hippogriffs
  3 hungry ghosts
  A soldier ant (shapeshifter) (D:12)
  A soldier ant (D:12)
  A water moccasin (D:11)
  6 orc warriors
  A sky beast (D:7)
  A wasp (D:12)
  2 ice beasts
  A phantom (D:9)
  A black bear (D:8)
  3 eyes of draining
  2 necrophages
  4 wolves (D:10)
  5 centaurs
  2 crocodiles
  5 giant frogs
  A wyvern zombie (D:12)
  3 scorpions
  3 killer bees (D:13)
  3 wights (D:8)
  2 electric eels (D:10)
  6 crimson imps
  9 hounds
  2 quasits (D:8)
  A giant frog zombie (D:7)
  5 orc priests
  A jelly (D:8)
  A centaur skeleton (D:6)
  A centaur zombie (D:11)
  A giant frog skeleton (D:8)
  3 iguanas
  8 orc wizards
  3 worker ants
  A hound skeleton (D:5)
  A worker ant zombie (D:6)
  A howler monkey skeleton (D:8)
  7 adders
  2 shadow imps
  2 worms
  44 orcs
  A bat (D:3)
  3 giant cockroaches
  3 goblins
  A hobgoblin (D:3)
  7 jackals
  A quokka (D:10)
  3 giant newts
  A kobold (D:3)
  A plant (D:2)
217 creatures vanquished.

Vanquished Creatures (others)
  A killer bee (D:13)
1 creature vanquished.

Grand Total: 218 creatures vanquished

Notes
Turn   | Place    | Note
-------+----------+-------------------------------------------
     0 | D:1      | 4thArraOfDagon the Troll Arcane Marksman began the quest for the Orb.
     0 | D:1      | Reached XP level 1. HP: 18/18 MP: 1/1
     0 | D:1      | 4thArraOfDagon: whats wrong with this combo
     0 | D:1      | 4thArraOfDagon: m/
    38 | D:1      | Reached skill level 1 in Unarmed Combat
    58 | D:2      | Reached XP level 2. HP: 26/26 MP: 2/2
   146 | D:3      | Reached skill level 2 in Unarmed Combat
   287 | D:4      | Reached XP level 3. HP: 14/32 MP: 3/3
   353 | D:4      | Reached skill level 1 in Shields
   353 | D:4      | Reached skill level 3 in Unarmed Combat
   375 | D:4      | Reached XP level 4. HP: 16/40 MP: 4/4
   415 | D:4      | Found a sand-covered staircase.
   420 | Ossuary  | Entered an ossuary
   428 | D:4      | 4thArraOfDagon: bad
   428 | D:4      | 4thArraOfDagon: layout
   497 | D:4      | Noticed Menkaure
   548 | D:5      | Entered Level 5 of the Dungeon
   552 | D:5      | Reached skill level 4 in Unarmed Combat
   552 | D:5      | Reached XP level 5. HP: 43/46 MP: 5/5
   666 | D:5      | Found an opulent altar of Gozag.
   666 | D:5      | Found a glowing silver altar of Zin.
   731 | D:5      | Reached XP level 6. HP: 42/54 MP: 6/6
   732 | D:5      | Reached skill level 5 in Unarmed Combat
   796 | D:6      | Found a bloodstained altar of Trog.
   829 | D:6      | Noticed a hungry ghost
   842 | D:6      | Killed a hungry ghost
   842 | D:6      | Reached skill level 6 in Unarmed Combat
   842 | D:6      | Reached XP level 7. HP: 46/61 MP: 7/7
   964 | D:7      | Found a glowing golden altar of the Shining One.
   970 | D:7      | Became a worshipper of the Shining One
   971 | D:7      | WHY
   991 | D:7      | Noticed Prince Ribbit
   995 | D:7      | Found a staircase to the Ecumenical Temple.
  1000 | D:7      | WHY
  1022 | D:7      | Killed Prince Ribbit
  1022 | D:7      | Reached skill level 7 in Unarmed Combat
  1090 | D:7      | Noticed Geppetto's ghost (novice GrMo)
  1109 | D:7      | Reached XP level 8. HP: 22/68 MP: 8/8
  1128 | D:7      | Gained mutation: You occasionally shout uncontrollably at your foes. [mutagenic meat]
  1134 | D:8      | Gained mutation: Armour fits poorly on your strangely shaped body. [mutagenic meat]
  1137 | D:8      | Gained mutation: You are partially covered in yellow scales. (AC +2) [mutagenic meat]
  1140 | D:8      | Gained mutation: You are clumsy. (Dex -2) [mutagenic meat]
  1169 | D:8      | Found a blossoming altar of Fedhas.
  1216 | D:8      | Reached skill level 8 in Unarmed Combat
  1281 | D:9      | Noticed Erica
  1297 | D:10     | Entered Level 10 of the Dungeon
  1351 | D:11     | Reached * piety under the Shining One
  1491 | D:11     | Found a labyrinth entrance.
  1500 | Lab      | Entered a labyrinth
  1548 | Lab      | Reached skill level 5 in Shields
  1548 | Lab      | Reached skill level 9 in Unarmed Combat
  1636 | Lab      | Noticed a minotaur
  1653 | Lab      | 4thArraOfDagon: its just small garnet
  1719 | D:11     | Reached XP level 9. HP: 75/75 MP: 9/9
  1792 | D:11     | jacquesderrida: HENI RENI
  1809 | D:11     | Reached skill level 10 in Unarmed Combat
  1858 | D:11     | Noticed a purple ugly thing
  1885 | D:11     | Killed a purple ugly thing
  1885 | D:11     | Reached skill level 11 in Unarmed Combat
  1921 | D:11     | Lost mutation: You are clumsy. (Dex -2) [mutagenic meat]
  1967 | D:11     | Reached XP level 10. HP: 81/83 MP: 10/10
  2097 | D:10     | Noticed a hill giant
  2102 | D:10     | Killed a hill giant
  2102 | D:10     | Reached skill level 12 in Unarmed Combat
  2172 | D:10     | Found a staircase to the Lair.
  2179 | D:10     | Was placed under penance by the Shining One
  2253 | D:8      | Was forgiven by the Shining One
  2386 | D:8      | Reached ** piety under the Shining One
  2687 | D:9      | Killed Erica
  2687 | D:9      | Reached skill level 13 in Unarmed Combat
  2917 | D:9      | Reached XP level 11. HP: 81/89 MP: 11/11
  3026 | D:9      | Found a stormy altar of Qazlal.
  3047 | D:10     | Reached *** piety under the Shining One
  3497 | D:12     | Found a portal to a secret trove of treasure.
  3526 | D:12     | Noticed an orb spider
  3627 | D:12     | Reached skill level 14 in Unarmed Combat
  3689 | D:12     | Noticed a deep elf mage
  3713 | D:12     | Killed a deep elf mage
  3955 | D:12     | You fall through a shaft!
  3963 | D:13     | Noticed a catoblepas
  4232 | D:12     | Found a staircase to the Orcish Mines.
  4362 | D:13     | Noticed an obsidian statue
  4409 | D:13     | Noticed a white ugly thing
  4426 | D:13     | Killed a white ugly thing
  4426 | D:13     | Reached skill level 15 in Unarmed Combat
  4435 | D:13     | Gained mutation: You are weak. (Str -2) [mutagenic meat]
  4438 | D:13     | Gained mutation: Your system is resistant to poisons. (rPois) [mutagenic meat]
  4451 | D:13     | Noticed Frances
  4473 | D:13     | Reached **** piety under the Shining One
  4508 | D:13     | Noticed an unseen horror
  4512 | D:13     | Killed an unseen horror
  4523 | D:14     | Noticed a centaur warrior
  4718 | D:14     | HP: 2/89 [two-headed ogre/giant club (30)]
  4718 | D:14     | Shot with an arrow by a centaur warrior

Vault maps used:
D:1:      dpeg_arrival_round_b
D:2:      serial_forest, infiniplex_forest_zigzag_1,
          infiniplex_forest_clump_long, infiniplex_forest_end_2,
          infiniplex_forest_lined_ring, infiniplex_forest_join,
          infiniplex_forest_clump_medium, infiniplex_forest_straight_4,
          infiniplex_forest_clump_large, infiniplex_forest_lined_ring
D:3:      gup_sewer_entry_spiral, dk_noncrumbling_3, minmay_misc_feat_hallway
D:4:      nicolae_ossuary_entry_false_entrances, kennysheep_generic_room_3,
          uniq_menkaure
D:5:      grunt_temple_overflow_gold_and_silver, first_bread
D:6:      lemuel_doored_altar, kennysheep_little_box
D:7:      regret_index_temple_of_mockery, lemuel_round_altar, grunt_livestock,
          uniq_prince_ribbit1
D:8:      basic_altar
D:9:      basic_altar, uniq_erica
D:10:     erik_lair_island
D:11:     lab_entry_generic, uniq_urug
D:12:     hiddenorc1_lemuel, nicolae_trove_entry_columns,
          minmay_tree_intersection
D:13:     hangedman_decor_growths, minmay_statue_bubble, uniq_frances
D:14:     tso_altar, corexii_leaking_fountain
Lab:      labyrinth_watery, labyrinth_lava_lair, nicolae_lab_flowing_pool,
          labyrinth_skeletal_remains, nicolae_lab_starburst, nicolae_lab_do_over
Ossuary:  ossuary_tomb_1

Skill      XL: |  1  2  3  4  5  6  7  8  9 10 11 |
---------------+----------------------------------+-----
Unarmed Combat | 1 2 3 4 6 7 9 11 13 15 | 15.1
Shields        | 1 2 3 4 5 6 8 9 |  9.3
Fighting       | |  0.7
Throwing       | |  1.7
Dodging        | |  1.5
Spellcasting   | |  1.0
Hexes          | |  2.0

Action                   |  1- 3 |  4- 6 |  7- 9 | 10-12 || total
-------------------------+-------+-------+-------+-------++-------
Melee: Unarmed           |   100 |   121 |   147 |   445 ||   813
       Punch             |     2 |       |       |       ||     2
Throw: Throwing net      |     1 |       |       |       ||     1
       Large rock        |       |     2 |     9 |    12 ||    23
Evoke: Wand              |       |       |     1 |    10 ||    11
  Use: Scroll            |     2 |       |     6 |     3 ||    11
       Potion            |       |     1 |       |     3 ||     4
 Stab: Petrified         |       |       |       |     1 ||     1
  Eat: Chunk             |     7 |     2 |    24 |    31 ||    64
Armor: Robe              |    30 |    28 |    29 |    44 ||   131
       Skin              |       |       |       |    21 ||    21
Dodge: Dodged            |    32 |    13 |    20 |    45 ||   110
Block: Large shield      |    15 |    63 |   103 |   278 ||   459
       Reflection        |       |       |       |     3 ||     3
